Map: Torches LE

Players

LigerMaNN - Winner!

  • Race: Zerg Zerg
  • League: Diamond
  • Spawn Location: 5:00

MudBubbles

  • Race: Protoss Protoss
  • League: Master
  • Spawn Location: 1:00

VOD

Have the link to the VOD?

Description

Time

  • Played on: June 4, 2025, 8:59 p.m.
  • Length: 8:09
Show
View Real Time Build Order
Export as new Build Order

LigerMaNN Zerg - Winner!

Build Orders: Hatch First 

Get SALT Encoding   

  12  0:04  Drone  
  13  0:13  Overlord  
  13  0:18  Drone  
  14  0:31  Drone x2  
  16  0:57  Hatchery  
  16  1:03  Extractor  
  14  1:06  Drone x3  
  17  1:23  Spawning Pool  
  16  1:27  Drone  
  16  1:28  Drone  
  18  1:38  Drone  
  19  2:00  Drone  
  19  2:01  Drone  
  21  2:09  Drone, Queen x2  
  26  2:23  Metabolic Boost  
  26  2:25  Zergling x4  
  26  2:28  Overlord  
  28  2:50  Overlord x2  
  28  2:52  Drone x3  
  31  3:10  Hatchery  
  30  3:18  Zergling x16  
  30  3:19  Zergling x2  
  39  3:21  Zergling x2  
  39  3:23  Zergling x2  
  41  3:31  Queen  
  43  3:37  Overlord  
  43  3:40  Overlord  
  43  3:59  Drone x7  
  43  4:01  Drone x2  
  44  4:26  Zergling x12  
  50  4:36  Drone x5  
  55  4:41  Lair  
  55  4:42  Extractor  
  55  4:43  Extractor  
  55  4:44  Evolution Chamber  
  52  4:46  Roach Warren  
  52  4:49  Drone x4  
  53  5:06  Drone x3  
  56  5:08  Drone x6  
  56  5:09  Drone x2  
  56  5:13  Zerg Missile Weapons Level 1  
  64  5:16  Drone x2, Extractor  
  64  5:18  Drone  
  66  5:22  Overlord  
  65  5:39  Overlord x2  
  65  5:40  Overlord  
  73  5:42  Roach  
  73  5:43  Roach x3  
  73  5:53  Glial Reconstitution  
  73  5:57  Overlord x2  
  73  5:58  Overlord  
  73  5:59  Roach x4  
  73  6:01  Roach  
  83  6:04  Ravager  
  84  6:12  Roach x5  
  84  6:14  Roach  
  96  6:24  Roach x5  
  107  6:25  Zergling x2  
  107  6:27  Zergling x2  
  108  6:40  Roach  
  108  6:41  Roach x6  
  122  6:49  Overlord x3  
  120  7:10  Roach x9  
  120  7:12  Ravager  
  139  7:23  Zergling x12  
  139  7:26  Overlord x2  
Show
View Real Time Build Order
Export as new Build Order

MudBubbles Protoss 

Build Orders: Blink Stalkers 

Get SALT Encoding   

  12  0:00  Probe  
  13  0:18  Pylon, Probe  
  14  0:30  Probe  
  15  0:42  Probe  
  15  0:44  Gateway  
  16  0:50  Assimilator  
  16  0:55  Probe  
  17  1:07  Probe  
  18  1:19  Probe  
  18  1:23  Gateway  
  19  1:30  Zealot  
  19  1:31  Probe  
  20  1:35  Cybernetics Core  
  22  1:47  Pylon  
  22  2:07  Nexus  
  22  2:16  Probe  
  22  2:20  Assimilator  
  23  2:24  Warp Gate  
  23  2:27  Stalker  
  23  2:33  Stalker  
  27  2:37  Probe  
  28  2:45  Probe  
  29  2:55  Probe, Twilight Council  
  30  3:06  Pylon  
  30  3:16  Stalker  
  30  3:18  Sentry  
  34  3:27  Probe  
  34  3:29  Probe  
  34  3:32  Blink  
  36  3:48  Probe, Stalker  
  36  3:49  Probe  
  40  3:56  Assimilator  
  40  4:16  Sentry  
  40  4:30  Shield Battery  
  40  4:31  Sentry  
  40  4:33  Probe x2  
  44  4:45  Probe x2  
  46  4:48  Stalker  
  48  4:57  Probe, Stalker  
  51  5:09  Probe x2  
  54  5:21  Probe  
  54  5:41  Shield Battery  
  54  5:43  Pylon  
  54  6:02  Gateway, Probe  
  54  6:04  Gateway  
  55  6:06  Robotics Facility, Templar Archives  
  55  6:08  Pylon  
  55  6:09  Forge  
  55  6:16  Stalker  
  55  6:17  Stalker  
  59  6:25  Nexus  
  59  6:27  Pylon  
  59  6:30  Pylon  
  59  6:32  Psionic Storm  
  59  6:33  Probe  
  60  6:41  Pylon  
  60  6:49  Probe x2  
  60  6:50  Observer, Assimilator  
  60  6:51  Stalker x2  
  67  7:07  Stalker  
  68  7:08  Stalker  
  68  7:12  Probe  
  68  7:14  Probe  
  72  7:29  Pylon x2  
  72  7:32  Gateway  
  72  7:34  Photon Cannon  
  69  7:44  Stalker x2  
  69  7:47  Stalker  
  57  7:59  Stalker x2  
Tags
 
Composition
Blink Stalkers
Matchup
PvZ
Replay Pack
June 2025
Spawn Locations
Close Positions
Add a new tag
Caveats
  • Supply blocks, unpowered buildings, or Contaminate may cause inaccurate times.
  • Supply counts are checked every 10 seconds.